 Dungeon Crawl Stone Soup version 0.27-a0-1529-g1e82c303ef (webtiles) character file.

Game seed: 4870194554024248

64 dickylongcocking the Skirmisher (level 4, -1/35 HPs)
             Began as a Djinni Fire Elementalist on July 11, 2021.
             Engulfed by a cloud of flame (7 damage)
             ... on level 3 of the Dungeon.
             The game lasted 00:02:21 (3648 turns).

dickylongcocking the Skirmisher (DjFE)              Turns: 3648, Time: 00:02:21

Health: -1/35      AC:  2    Str:  7    XL:     4   Next: 32%
Gold:   134        EV: 12    Int: 18    God:
                   SH:  0    Dex: 13

rFire    + + .     SeeInvis .   i - +0 lajatang
rCold    . . .     Faith    .   (shield currently unavailable)
rNeg     . . .     Spirit   .   a - +0 robe
rPois    ∞         Reflect  .   (no helmet)
rElec    .         Harm     .   (no cloak)
rCorr    .         Rampage  .   (no gloves)
Will     .....                  (boots unavailable)
Stlth    ++........             (no amulet)
HPRegen  0.11/turn              f - ring of protection from cold
MPRegen  0.00/turn              (no ring)

@: flying
A: sickness immunity, fire resistance 2, cold vulnerability 1, float, innate
caster, hp casting, extra vitality 1
a: no special abilities


You were on level 3 of the Dungeon.
You visited 1 branch of the dungeon, and saw 3 of its levels.

You collected 134 gold pieces.

Inventory:

Hand Weapons
 b - a +0 mace
 i - a +0 lajatang (weapon)
Armour
 a - a +0 robe (worn)
Jewellery
 f - a ring of protection from cold (left hand)
Scrolls
 d - a scroll of magic mapping
 g - a scroll of teleportation
Potions
 c - 4 potions of curing {unknown}
 e - a potion of attraction {unknown}
 h - a potion of heal wounds {unknown}


   Skills:
 * Level 3.0 Fighting
 * Level 0.6 Staves
 - Level 2.2 Dodging
 - Level 1.6 Stealth
 * Level 2.6 Spellcasting


You couldn't memorise any spells.
You knew the following spells:

 Your Spells              Type           Power      Damage    Failure   Level
a - Foxfire               Conj/Fire      48%        2x1d6     5%          1
b - Conjure Flame         Conj/Fire      12%        6-21      17%         3
c - Inner Flame           Hex/Fire       12%        N/A       17%         3
d - Sticky Flame          Conj/Fire      12%        2d4       50%         4
e - Fireball              Conj/Fire      6%         3d5       83%         5
f - Animate Skeleton      Necr           24%        N/A       5%          1
Your spell library was empty.

Dungeon Overview and Level Annotations

Branches:
Dungeon (3/15)

Altars:

Annotations:
D:3 Sigmund


Innate Abilities, Weirdness & Mutations

You are immune to sickness and miasma.
You are immune to poison.
Your flesh is very heat resistant. (rF++)
You are vulnerable to cold. (rC-)
You float through the air rather than walking.
You learn spells naturally, not from books.
Your magical power is your life essence.
You have superior vitality. (+4 HP)


Message History

The frilled lizard hisses angrily.
A bat comes into view.
Sigmund screams, "Don't try to resist!"
There are monsters nearby!
You closely miss the kobold.
A ball python comes into view.
The kobold misses you. Sigmund gestures at you while chanting.
The magic dart hits you!
The ball python moves out of view.
Unknown command.
Sigmund says, "I'm your fate."
Casting: Foxfire (safe; 5% risk of failure)
Confirm with . or Enter, or press ? or * to list all spells.
Okay, then.
Casting: Foxfire (safe; 5% risk of failure)
Confirm with . or Enter, or press ? or * to list all spells.
The spell is quite dangerous to cast (17% risk of failure)!
Continue anyway?
Aiming: Inner Flame (quite dangerous; 17% risk of failure)
Press: ? - help, Shift-Dir - straight line, f - kobold
Aim: a kobold, wielding a +0 short sword and quivering stones (chance to affect: 79%)
The kobold is filled with an inner flame.
The kobold barely misses you.
Unknown command.
Unknown command.
Casting: Inner Flame (quite dangerous; 17% risk of failure)
Confirm with . or Enter, or press ? or * to list all spells.
The spell is extremely dangerous to cast (50% risk of failure)!
Continue anyway?
Aiming: Sticky Flame (extremely dangerous; 50% risk of failure)
Press: ? - help, Shift-Dir - straight line, f/p - kobold
Aim: a kobold, wielding a +0 short sword and quivering stones (inner flame, 100% to hit)
The sticky flame hits the kobold.
The kobold explodes!
The fiery explosion engulfs the bat!!
You kill the bat!
The fiery explosion engulfs the giant cockroach!
You kill the giant cockroach!
The fiery explosion engulfs you! You resist.
* * * LOW HITPOINT WARNING * * *
You are engulfed in blazing flames.
You resist.
You die...

,***,,,,.##*...*
#.# ###.....
*,,,*,*,#...#..*
#.# #.###.
,,*,,,*,.......##
#.# ######.###.
*********#.....@#
#.# #....#.#...
*****#l# #.#
#....#.#.## #.###.#
#..<.#.#.# #§§##.#
#....#.#.#
##§##)###....#.#.##
#@##.......##[#.#.
#..#........#.#.#.
##.#......†...#..)
#.#...####.......
#...### ########
##..# #..# #..#
#..#


You could see Sigmund and a frilled lizard.

Vanquished Creatures
  A worm (D:2)
  A dart slug (D:3)
  5 ball pythons
  5 endoplasms
  2 giant cockroaches
  A goblin (D:3)
  6 hobgoblins
  12 jackals (D:1)
  3 quokkas
  4 bats
  A frilled lizard (D:1)
  11 kobolds
  A rat (D:3)
53 creatures vanquished.

Vanquished Creatures (others)
  121 foxfires
121 creatures vanquished.

Grand Total: 174 creatures vanquished

Notes
Turn   | Place    | Note
-------+----------+-------------------------------------------
     0 | D:1      | dickylongcocking the Djinni Fire Elementalist began the
                  | quest for the Orb.
     0 | D:1      | Reached XP level 1. HP: 15/15 MP: 0/0
    89 | D:1      | Reached XP level 2. HP: 13/21 MP: 0/0
   460 | D:1      | Reached skill level 1 in Fighting
   878 | D:1      | Reached XP level 3. HP: 21/27 MP: 0/0
   878 | D:1      | Learned a level 1 spell: Animate Skeleton
  1157 | D:1      | Reached skill level 2 in Fighting
  2390 | D:2      | Reached XP level 4. HP: 23/34 MP: 0/0
  2602 | D:2      | Found a faded altar of an unknown god.
  3604 | D:3      | Reached skill level 3 in Fighting
  3639 | D:3      | Noticed Sigmund
  3648 | D:3      | Engulfed by a cloud of flame

Illustrated notes

Levels and vault maps discovered:
D:1:      saegor_arrival_simple_b, layout_basic, minivault_4,
          minmay_tetromino_l4
D:2:      layout_basic, shapermc_ecumenical_altar_petra, nrook_mini_vaults
D:3:      layout_basic, minmay_fractal_squares_diagonal_5, uniq_sigmund

Skill      XL: |  1  2  3  4 |
---------------+-------------+-----
Fighting       | 1 2 3 |  3.0
Staves         | |  0.6
Dodging        | |  2.2
Stealth        | |  1.6
Spellcasting   | |  2.6

Action                   |  1- 3 |  4- 6 || total
-------------------------+-------+-------++-------
Melee: Mace              |    19 |       ||    19
       Lajatang          |     9 |    31 ||    40
 Cast: Foxfire           |    76 |     7 ||    83
       Sticky Flame      |       |     1 ||     1
       Inner Flame       |       |     1 ||     1
  Use: Scroll            |     3 |     2 ||     5
 Stab: Sleeping          |     1 |     2 ||     3
Armor: Robe              |    12 |     4 ||    16
Dodge: Dodged            |    48 |    24 ||    72

Table legend: (Time is in decaauts)
 A = Elapsed time spent in this place.
 B = Non-inter-level travel time spent in this place.
 C = Inter-level travel time spent in this place.
 D = Time resting spent in this place.
 E = Time spent auto-exploring this place.
 F = Levels seen in this place.
 G = Mean time per level.
                   A        B        C        D        E       F      G
               +--------+--------+--------+--------+--------+-----+--------+
         Total |   3669 |   3634 |     35 |    101 |   3135 |   3 | 1223.0 |
       Dungeon |   3669 |   3634 |     35 |    101 |   3135 |   3 | 1223.0 |
               +--------+--------+--------+--------+--------+-----+--------+

Top non-repeatable levels by time:
     D:1: 1897 daAuts
     D:2: 1641 daAuts
     D:3: 130 daAuts
